 Dungeon Crawl Stone Soup version 0.30-a0-341-g682706514a (webtiles) character file.

Game seed: 364158234540936154

86 PimpSugar the Magician (level 4, -3/31 HPs)
             Began as a Demonspawn Hedge Wizard on Nov 1, 2022.
             Slain by an orc priest
             ... wielding a +0 whip
              (6 damage)
             ... on level 3 of the Dungeon.
             The game lasted 00:07:44 (1563 turns).

PimpSugar the Magician (Demonspawn Hedge Wizard)    Turns: 1563, Time: 00:07:45

Health: -3/31      AC: 14    Str: 10    XL:     4   Next: 27%
Magic:  6/9        EV: 11    Int: 17    God:
Gold:   35         SH:  0    Dex: 13    Spells: 6/9 levels left

rFire   . . .      SeeInvis .    x - +3 whip (flame)
rCold   . . .      Faith    .    (no shield)
rNeg    . . .      Spirit   .    e - +2 leather armour
rPois   .          Reflect  .    c - +0 hat
rElec   .          Harm     .    (no cloak)
rCorr   .          Rampage  .    i - +2 pair of gloves
Will    .....                    (no boots)
Stlth   ++........               (no amulet)
HPRegen 0.25/turn                (no ring)
MPRegen 0.11/turn                (no ring)

@: sanguine armoured
A: hooves 1, sanguine armour 1
a: no special abilities


You were on level 3 of the Dungeon.
You visited 1 branch of the dungeon, and saw 3 of its levels.

You collected 35 gold pieces.

Inventory:

Hand Weapons
 a - a +0 dagger
 j - a +0 short sword of venom
 o - a +0 dagger of speed
 p - a +0 sling
 x - a +3 whip of flaming (weapon)
Missiles
 k - 43 stones (quivered)
 m - a javelin
Armour
 b - a +0 robe
 c - a +0 hat (worn)
 e - a +2 leather armour (worn)
 i - a +2 pair of gloves (worn)
Wands
 v - a wand of paralysis (6)
Scrolls
 w - a scroll of enchant weapon
Potions
 d - 2 potions of magic
 f - a potion of mutation
 g - a potion of haste {unknown}
 n - a potion of attraction
 s - a potion of might {unknown}
 u - 2 potions of flight


   Skills:
 + Level 0.8 Fighting
 + Level 2.1 Dodging
 + Level 2.2 Stealth
 * Level 3.4 Spellcasting
 * Level 1.8 Conjurations
 + Level 1.8 Summonings
 + Level 1.3 Translocations
 + Level 0.5 Evocations


You had 6 spell levels left.
You knew the following spells:

 Your Spells              Type           Power      Damage    Failure   Level
a - Magic Dart            Conj           36%        1d4       11%         1
b - Call Imp              Summ           9%         N/A       16%         2

Your spell library contained the following spells:

 Spells                   Type           Power      Damage    Failure   Level
 Blink                    Tloc           14%        N/A       21%         2
 Slow                     Hex            8%         N/A       22%         1
 Cigotuvi's Dreadful Rot  Necr/Pois/Air  4%         N/A       34%         2
 Mephitic Cloud           Conj/Pois/Air  5%         N/A       47%         3
 Confusing Touch          Hex            2%         N/A       56%         3
 Vampiric Draining        Necr           2%         2d6       56%         3


Dungeon Overview and Level Annotations

Branches:
Dungeon (3/15)

Altars:


Innate Abilities, Weirdness & Mutations

You have large cloven feet.
When seriously injured, your blood forms armour. (AC +6)


Message History

Something hits you but does no damage.
You hit the orc. You burn the orc.
The orc is severely wounded.
Something hits you but does no damage. The orc hits you but does no damage.
You closely miss the orc.
The orc is severely wounded.
Something hits you but does no damage. The orc closely misses you.
You barely miss the orc.
The orc is severely wounded.
You hear some strange, mumbled words.
Something tries to affect you, but you resist.
The orc hits you but does no damage.
You completely miss the orc.
The orc is severely wounded.
Something hits you but does no damage. The orc barely misses you.
You hit the orc but do no damage.
The orc is severely wounded.
The orc barely misses you.
You hear some strange, mumbled words.
A puff of flame appears from out of thin air!
The puff of flame hits you but does no damage.
You hit the orc but do no damage. You kick the orc.
You kill the orc!
Something hits you but does no damage.
You hit something. You burn something. Something hits you but does no damage.
You closely miss something. Your kick misses something.
Something hits you but does no damage. x2
You hit something. You burn something. Your kick misses something.
Something hits you.
* * * LOW HITPOINT WARNING * * *
You barely miss something. Your kick misses something. Something hits you.
* * * LOW HITPOINT WARNING * * *
You barely miss something. Your kick misses something. Something hits you.
* * * LOW HITPOINT WARNING * * *
You closely miss something. You kick something.
You hear some strange, mumbled words.
Something tries to affect you, but you resist.
You hit something but do no damage. Your kick misses something.
The orc priest is no longer paralysed.
The orc priest hits you with a +0 whip.
You die...

....#.# #### ##
###...... #.. ..#
#.......#+#.##..
#..............
#............#
#............#
.............#
#......o{...#
#......)@...#######.
######..............
#.......######
#######.# #<# #.#
#.# #.# #.#


You could see an orc priest.

Vanquished Creatures
  4 adders
  3 orcs (D:3)
  A ball python (D:1)
  An endoplasm (D:1)
  2 giant cockroaches
  3 goblins (D:2)
  3 hobgoblins
  6 kobolds
  4 bats
  5 frilled lizards
  5 rats
37 creatures vanquished.

Vanquished Creatures (collateral kills)
  An adder (D:2)
  A ball python (D:3)
  A hobgoblin (D:2)
  A kobold (D:2)
4 creatures vanquished.

Grand Total: 41 creatures vanquished

Notes
Turn   | Place    | Note
-------+----------+-------------------------------------------
     0 | D:1      | PimpSugar the Demonspawn Hedge Wizard began the quest for
                  | the Orb.
     0 | D:1      | Reached XP level 1. HP: 13/13 MP: 4/4
   102 | D:1      | Reached skill level 1 in Translocations
   197 | D:1      | Gained mutation: When seriously injured, your blood forms
                  | armour. (AC +6) [demonic ancestry]
   197 | D:1      | Reached XP level 2. HP: 16/19 MP: 1/6
   558 | D:1      | Learned a level 2 spell: Call Imp
   720 | D:2      | Reached XP level 3. HP: 25/25 MP: 2/7
  1376 | D:2      | Gained mutation: You have large cloven feet. [demonic
                  | ancestry]
  1376 | D:2      | Reached XP level 4. HP: 17/31 MP: 6/9
  1563 | D:3      | Slain by an orc priest

Illustrated notes

Levels and vault maps discovered:
D:1:      tarquinn_simple_flora_water_e, layout_rooms,
          minmay_misc_feat_secret_circle, minmay_misc_feat_more_columns
D:2:      layout_basic, serial_bayou, serial_bayou_pond_d, serial_bayou_pond_c,
          serial_bayou_shore_a, serial_bayou_lagoon_b, serial_bayou_pond_a,
          minmay_tetromino_l2
D:3:      layout_basic

Skill      XL: |  1  2 |
---------------+-------+-----
Translocations | 1 |  1.3
Stealth        | 2 |  2.2
Dodging        | 2 |  2.1
Fighting       | |  0.8
Spellcasting   | |  3.4
Conjurations   | |  1.8
Summonings     | |  1.8
Evocations     | |  0.5

Action                   |  1- 3 |  4- 6 || total
-------------------------+-------+-------++-------
Melee: Short sword       |    77 |       ||    77
       Dagger            |     3 |       ||     3
       Punch             |     1 |       ||     1
       Whip              |       |    25 ||    25
       Kick              |       |     3 ||     3
Throw: Javelin           |     2 |       ||     2
 Cast: Magic Dart        |    33 |     2 ||    35
       Call Imp          |     6 |     2 ||     8
Evoke: Wand              |     1 |     1 ||     2
  Use: Scroll            |     3 |     7 ||    10
       Potion            |     1 |       ||     1
 Stab: Paralysed         |     2 |       ||     2
Armor: Leather armour    |    31 |    23 ||    54
Dodge: Dodged            |    67 |    14 ||    81

Table legend: (Time is in decaauts)
 A = Elapsed time spent in this place.
 B = Non-inter-level travel time spent in this place.
 C = Inter-level travel time spent in this place.
 D = Time resting spent in this place.
 E = Time spent auto-exploring this place.
 F = Levels seen in this place.
 G = Mean time per level.
                   A        B        C        D        E       F      G
               +--------+--------+--------+--------+--------+-----+--------+
         Total |   1602 |   1436 |    166 |     40 |   1006 |   3 |  534.0 |
       Dungeon |   1602 |   1436 |    166 |     40 |   1006 |   3 |  534.0 |
               +--------+--------+--------+--------+--------+-----+--------+

Top non-repeatable levels by time:
     D:2: 963 daAuts
     D:1: 588 daAuts
     D:3: 51 daAuts
